 Dungeon Crawl Stone Soup version 0.25-a0-308-geac79542e2 (webtiles) character file.

Game seed: 16470652306433122188, levelgen mode: deterministic

410 MisterFreud the Fighter (level 6, -3/61 HPs)
             Began as a Hill Orc Abyssal Knight on Dec 21, 2019.
             Was a Priest of Lugonu.
             Slain by Menkaure (9 damage)
             ... on level 4 of the Dungeon.
             The game lasted 00:07:18 (3597 turns).

MisterFreud the Fighter (Hill Orc Abyssal Knight)   Turns: 3597, Time: 00:07:18

Health: -3/61      AC: 16    Str: 17    XL:     6   Next: 89%
Magic:  7/7        EV:  5    Int: 17    God:    Lugonu [***...]
Gold:   253        SH:  0    Dex: 10    Spells: 5/5 levels left

rFire    + . .     SeeInvis .   a - +1 hand axe
rCold    . . .     Gourm    .   (no shield)
rNeg     . . .     Faith    .   t - +0 plate armour
rPois    .         Spirit   .   h - +0 helmet
rElec    .         Reflect  .   A - scarf {repulsion}
rCorr    .         Harm     .   C - +2 pair of gloves
MR       .....                  (no boots)
Stlth    ..........             F - amulet of the acrobat
HPRegen  0.20/turn              G - ring of protection from fire
MPRegen  0.10/turn              (no ring)

@: brilliant, repel missiles
A: no striking features
a: Depart the Abyss, Bend Space, Banish, Renounce Religion


You were on level 4 of the Dungeon.
You worshipped Lugonu.
Lugonu was most pleased with you.
You were not hungry.

You visited 1 branch of the dungeon, and saw 6 of its levels.
You visited the Abyss 1 time.

You collected 253 gold pieces.

Inventory:

Hand Weapons
 a - a +1 hand axe (weapon)
Missiles
 j - 4 boomerangs (quivered)
 k - 14 bolts
 l - 25 sling bullets
 n - 40 stones
 w - 7 poisoned darts
Armour
 b - a +0 leather armour
 h - a +0 helmet (worn)
 t - a +0 plate armour (worn)
 A - a scarf of repulsion (worn)
 C - a +2 pair of gloves (worn)
Jewellery
 F - an amulet of the acrobat (around neck)
 G - a ring of protection from fire (left hand)
Wands
 z - a wand of digging (6)
 D - a wand of random effects (26)
Scrolls
 e - 5 scrolls of remove curse
 m - 3 scrolls of teleportation
 q - a scroll of amnesia
 u - 3 scrolls of identify {unknown}
 v - a scroll of magic mapping {unknown}
 x - 2 scrolls of blinking {unknown}
 y - a scroll of random uselessness {unknown}
 B - a scroll of enchant armour {unknown}
 E - a scroll of enchant weapon {unknown}
Potions
 d - a potion of might {unknown}
 f - 2 potions of degeneration {unknown}
 g - 4 potions of curing
 o - a potion of cancellation {unknown}
 p - 3 potions of brilliance
 r - 2 potions of agility {unknown}
 s - a potion of haste {unknown}
Comestibles
 c - 9 rations
 i - 6 chunks of flesh


   Skills:
 - Level 8.0 Fighting
 - Level 2.6 Axes
 + Level 4.2 Armour
 - Level 0.7 Dodging
 - Level 2.4 Invocations


You had 5 spell levels left.
You didn't know any spells.
Your spell library was empty.

Dungeon Overview and Level Annotations

Branches:
Dungeon (6/15)             Temple (0/1) D:4

Altars:

Annotations:
D:4 Menkaure


Message History

Menkaure is no longer moving quickly.
Menkaure mumbles some strange words.
Menkaure seems to speed up.
The orc hits you but does no damage.
Some of the chunks of flesh in your inventory have rotted away.
You hit the orc.
You kill the orc!
Lugonu accepts your kill.
You hit Menkaure.
Menkaure is lightly damaged.
Menkaure hits you.
* * * LOW HITPOINT WARNING * * *
Menkaure barely misses you.
It was a potion of curing.
You feel better.
Menkaure calls on the powers of darkness!
Your body is wracked with pain!
* * * LOW HITPOINT WARNING * * *
It was a potion of brilliance.
You feel clever all of a sudden. Menkaure hits you!
You die...

####.#
######.##.#.#
#.##...##.. #.#
#.##...#
##.##...##.. #.#
..###..#
#........... #.#
### #..#
#.....>..... #.#
##..###...........
#+#
#..>.....##...##.#
#.##.....##...##.#
#.##.............#
#@##.........#..##
#M##)..........##
#o##.........###
.o.#.........#
.[.#.........#
....#.........#
....###########
.....#


You could see Menkaure and 2 orcs.

Vanquished Creatures
  A hound (D:6)
  5 orc wizards
  Ijyb (D:4)
  2 worker ants (D:4)
  8 adders
  A shadow imp (D:5)
  3 worms (D:2)
  A dart slug (D:3)
  5 leopard geckos
  7 orcs
  A ball python (D:3)
  2 giant cockroaches
  12 hobgoblins
  5 jackals (D:1)
  6 bats
  3 frilled lizards
  15 goblins
  7 kobolds
  8 rats
93 creatures vanquished.

Notes
Turn   | Place    | Note
-------+----------+-------------------------------------------
     0 | Abyss:1  | MisterFreud the Hill Orc Abyssal Knight began the quest for
                  | the Orb.
     0 | Abyss:1  | Reached XP level 1. HP: 19/19 MP: 2/2
    18 | D:1      | Escaped the Abyss
    70 | D:1      | Reached skill level 4 in Fighting
    93 | D:1      | Reached XP level 2. HP: 14/27 MP: 3/3
   368 | D:1      | Reached ** piety under Lugonu
   628 | D:1      | Reached XP level 3. HP: 31/35 MP: 4/4
   669 | D:1      | Reached skill level 5 in Fighting
  1345 | D:2      | Reached XP level 4. HP: 11/44 MP: 5/5
  1548 | D:2      | Reached skill level 6 in Fighting
  2159 | D:3      | Reached *** piety under Lugonu
  2228 | D:3      | Reached XP level 5. HP: 51/51 MP: 6/6
  2547 | D:3      | You fall into a shaft and drop 3 floors!
  2593 | D:6      | Reached skill level 7 in Fighting
  2614 | D:6      | Reached XP level 6. HP: 55/60 MP: 7/7
  2700 | D:5      | Entered Level 5 of the Dungeon
  3318 | D:4      | Noticed Ijyb
  3353 | D:4      | Killed Ijyb
  3388 | D:4      | Found a staircase to the Ecumenical Temple.
  3394 | D:4      | Noticed Menkaure
  3411 | D:4      | Reached skill level 8 in Fighting
  3595 | D:4      | HP: 3/61 [Menkaure (5)]
  3597 | D:4      | Slain by Menkaure

Levels and vault maps discovered:
D:1:      minmay_arrival_solitary_statue, layout_basic
D:2:      layout_rooms, first_ration
D:3:      layout_basic
D:4:      layout_basic, minmay_temple_entry_stoned_glass, serial_shops,
          shop_fountains, uniq_menkaure, uniq_ijyb
D:5:      layout_cave_pools, trog_eyes_of_draining
D:6:      layout_loops_cross, gammafunk_ghost_nasty_kobolds, uniq_pikel

Skill      XL: |  1  2  3  4  5  6 |
---------------+-------------------+-----
Fighting       | 4 5 6 7 8 |  8.0
Armour         | 3 4 |  4.2
Axes           | |  2.6
Dodging        | |  0.7
Invocations    | |  2.4

Action                   |  1- 3 |  4- 6 || total
-------------------------+-------+-------++-------
Melee: Hand axe          |   155 |   268 ||   423
  Use: Scroll            |     2 |     1 ||     3
       Potion            |       |     2 ||     2
  Eat: Chunk             |     2 |     7 ||     9
Armor: Leather armour    |    48 |    14 ||    62
       Plate armour      |       |   184 ||   184
Dodge: Dodged            |    80 |    89 ||   169

Table legend:
 A = Non-vault XP
 B = Vault XP
 C = Vault XP percentage of total XP
 D = Non-vault monster count
 E = Vault monster count
 F = Vault count percentage of total count
                 A         B        C        D         E       F
            +---------+---------+-------+---------+---------+-------
      Total |     551 |      36 |   6.1 |      92 |       1 |   1.1
            +---------+---------+-------+---------+---------+-------
        D:1 |      54 |       0 |   0.0 |      32 |       0 |   0.0
        D:2 |      83 |       0 |   0.0 |      22 |       0 |   0.0
        D:3 |      54 |       0 |   0.0 |      17 |       0 |   0.0
        D:4 |     189 |      36 |  16.0 |      10 |       1 |   9.1
        D:5 |      16 |       0 |   0.0 |       3 |       0 |   0.0
        D:6 |     155 |       0 |   0.0 |       8 |       0 |   0.0
            +---------+---------+-------+---------+---------+-------
